| TOP OF THE 1ST |
|
Canton Indians batting - Pitching for Windy City ThunderBolts : RHP Chang-wei Quian
|
|
Pitching: RHP Chang-wei Quian
|
|
|
Batting: RHB Oscar Hernandez
|
0-0: Ball 1-0: Called Strike 1-1: Swinging Strike 1-2: Strikes out swinging
|
|
Batting: RHB David Haas
|
0-0: Ball 1-0: Ball 2-0: Foul Ball, location: 2F 2-1: Foul Ball, location: 2F 2-2: Strikes out looking
|
|
Batting: RHB Rob Marti
|
0-0: Ball 1-0: Foul Ball, location: 2F 1-1: SOLO HOME RUN (Line Drive, 78XD, EV 103.8 MPH), Distance : 417 ft
|
|
Batting: LHB Jason Kessler
|
0-0: Swinging Strike 0-1: Ball 1-1: Swinging Strike 1-2: Ball 2-2: Strikes out swinging
|
| Top of the 1st over - 1 run, 1 hit, 0 errors, 0 left on base; Canton 1 - Windy City 0 |
| BOTTOM OF THE 1ST |
|
Windy City ThunderBolts batting - Pitching for Canton Indians : LHP Keith Wilson
|
|
Pitching: LHP Keith Wilson
|
|
|
Batting: RHB Joe Thomas
|
0-0: Swinging Strike 0-1: Called Strike 0-2: Fly out, F9 (Flyball, 89M, EV 86.2 MPH)
|
|
Batting: RHB Eddie Dimas
|
0-0: Ball 1-0: Ball 2-0: Ground out 4-3 (Groundball, 4, EV 106.2 MPH)
|
|
Batting: RHB Donovan Deason
|
0-0: Ball 1-0: Called Strike 1-1: Foul Ball, location: 2F 1-2: Strikes out swinging
|
| Bottom of the 1st over - 0 runs, 0 hits, 0 errors, 0 left on base; Canton 1 - Windy City 0 |
| TOP OF THE 2ND |
|
Canton Indians batting - Pitching for Windy City ThunderBolts : RHP Chang-wei Quian
|
|
Batting: RHB Ryan Paquette
|
0-0: Fly out, F4 (Popup, 34, EV 70.6 MPH)
|
|
Batting: RHB Nick Rainey
|
0-0: Called Strike 0-1: Swinging Strike 0-2: TRIPLE (Line Drive, 89XD, EV 107.5 MPH)
|
|
Batting: RHB Willie Toral
|
0-0: Ball 1-0: Fly out, F8 (Flyball, 8LM, EV 88.8 MPH)
|
|
Batting: RHB Jesus Sanchez
|
0-0: Ball 1-0: Foul Ball, location: 2F 1-1: Swinging Strike 1-2: Foul Ball, location: 2F 1-2: Ground out 6-3 (Groundball, 6, EV 106.2 MPH)
|
| Top of the 2nd over - 0 runs, 1 hit, 0 errors, 1 left on base; Canton 1 - Windy City 0 |
| BOTTOM OF THE 2ND |
|
Windy City ThunderBolts batting - Pitching for Canton Indians : LHP Keith Wilson
|
|
Batting: RHB Paul Holland
|
0-0: Foul Ball, location: 2F 0-1: Swinging Strike 0-2: Ball 1-2: Ball 2-2: SINGLE (Flyball, 8LS, EV 95.0 MPH)
|
|
Batting: RHB Ricky Avila
|
0-0: Ball 1-0: Called Strike 1-1: Fly out, F9 (Flyball, 89D, EV 91.2 MPH)
|
|
Batting: RHB Camillo Bonauiti
|
0-0: Ball 1-0: Swinging Strike 1-1: Called Strike 1-2: Strikes out swinging
|
|
Batting: RHB Klaus Brown
|
0-0: Swinging Strike 0-1: Swinging Strike 0-2: Strikes out swinging
|
| Bottom of the 2nd over - 0 runs, 1 hit, 0 errors, 1 left on base; Canton 1 - Windy City 0 |
| TOP OF THE 3RD |
|
Canton Indians batting - Pitching for Windy City ThunderBolts : RHP Chang-wei Quian
|
|
Batting: SHB Jose Abreu
|
0-0: Ball 1-0: SINGLE (Groundball, 34S, EV 96.2 MPH)
|
|
Batting: RHB Oscar Hernandez
|
0-0: Ball 1-0: Foul Ball, location: 2F 1-1: Swinging Strike 1-2: Foul Ball, location: 2F 1-2: Ball 2-2: Strikes out looking
|
|
Batting: RHB David Haas
|
0-0: Called Strike 0-1: Foul Ball, location: 2F 0-2: Ball 1-2: Strikes out looking
|
|
Batting: RHB Rob Marti
|
0-0: Called Strike 0-1: Ball 1-1: Foul Ball, location: 2F 1-2: Foul Ball, location: 2F 1-2: Foul Ball, location: 2F 1-2: Ball 2-2: TRIPLE (Flyball, 89XD, EV 101.9 MPH) Jose Abreu scores
|
|
Batting: LHB Jason Kessler
|
0-0: Called Strike 0-1: Called Strike 0-2: Ball 1-2: Strikes out looking
|
| Top of the 3rd over - 1 run, 2 hits, 0 errors, 1 left on base; Canton 2 - Windy City 0 |
| BOTTOM OF THE 3RD |
|
Windy City ThunderBolts batting - Pitching for Canton Indians : LHP Keith Wilson
|
|
Batting: RHB Nhat Phong
|
0-0: Ball 1-0: Called Strike 1-1: Foul Ball, location: 2F 1-2: Strikes out looking
|
|
Batting: RHB Sim Damit
|
0-0: Fly out, F9 (Flyball, 89M, EV 88.8 MPH)
|
|
Batting: RHB Joe Thomas
|
0-0: Swinging Strike 0-1: Ball 1-1: Ball 2-1: Ball 3-1: Called Strike 3-2: Ground out 4-3 (Groundball, 4MS, EV 82.5 MPH)
|
| Bottom of the 3rd over - 0 runs, 0 hits, 0 errors, 0 left on base; Canton 2 - Windy City 0 |
| TOP OF THE 4TH |
|
Canton Indians batting - Pitching for Windy City ThunderBolts : RHP Chang-wei Quian
|
|
Batting: RHB Ryan Paquette
|
0-0: Ball 1-0: Ground out 5-3 (Groundball, 15, EV 81.9 MPH)
|
|
Batting: RHB Nick Rainey
|
0-0: Swinging Strike 0-1: Ground out 6-3 (Groundball, 6S, EV 90.0 MPH)
|
|
Batting: RHB Willie Toral
|
0-0: Called Strike 0-1: Hit by Pitch
|
|
Batting: RHB Jesus Sanchez
|
0-0: Called Strike 0-1: Ball 1-1: SINGLE (Line Drive, 3D, EV 96.2 MPH) Willie Toral to second Runner from 2nd tries for 3rd, SAFE, throw by RF made to third
|
|
Batting: SHB Jose Abreu
|
0-0: Ball 1-0: Called Strike 1-1: Swinging Strike 1-2: Strikes out swinging
|
| Top of the 4th over - 0 runs, 1 hit, 0 errors, 2 left on base; Canton 2 - Windy City 0 |
| BOTTOM OF THE 4TH |
|
Windy City ThunderBolts batting - Pitching for Canton Indians : LHP Keith Wilson
|
|
Batting: RHB Eddie Dimas
|
0-0: Swinging Strike 0-1: Ball 1-1: Ground out 1-3 (Groundball, 15, EV 66.9 MPH)
|
|
Batting: RHB Donovan Deason
|
0-0: Ball 1-0: Ball 2-0: Ball 3-0: Base on Balls
|
|
Batting: RHB Paul Holland
|
0-0: Grounds into double play, 5-4-3 (Groundball, 56S, EV 90.0 MPH)
|
| Bottom of the 4th over - 0 runs, 0 hits, 0 errors, 0 left on base; Canton 2 - Windy City 0 |
| TOP OF THE 5TH |
|
Canton Indians batting - Pitching for Windy City ThunderBolts : RHP Chang-wei Quian
|
|
Batting: RHB Oscar Hernandez
|
0-0: Swinging Strike 0-1: Foul Ball, location: 2F 0-2: Ball 1-2: Fly out, F7 (Flyball, 7, EV 91.9 MPH)
|
|
Batting: RHB David Haas
|
0-0: Ground out 6-3 (Groundball, 6, EV 88.8 MPH)
|
|
Batting: RHB Rob Marti
|
0-0: Ball 1-0: Ball 2-0: Swinging Strike 2-1: Foul Ball, location: 2F 2-2: Ball 3-2: Strikes out swinging
|
| Top of the 5th over - 0 runs, 0 hits, 0 errors, 0 left on base; Canton 2 - Windy City 0 |
| BOTTOM OF THE 5TH |
|
Windy City ThunderBolts batting - Pitching for Canton Indians : LHP Keith Wilson
|
|
Batting: RHB Ricky Avila
|
0-0: Ball 1-0: Fly out, F7 (Flyball, 78M, EV 75.6 MPH)
|
|
Batting: RHB Camillo Bonauiti
|
0-0: Fly out, F7 (Line Drive, 7D, EV 103.8 MPH)
|
|
Batting: RHB Klaus Brown
|
0-0: Ball 1-0: Swinging Strike 1-1: Foul Ball, location: 2F 1-2: Ball 2-2: Ground out U3 (Groundball, 34, EV 87.5 MPH)
|
| Bottom of the 5th over - 0 runs, 0 hits, 0 errors, 0 left on base; Canton 2 - Windy City 0 |
| TOP OF THE 6TH |
|
Canton Indians batting - Pitching for Windy City ThunderBolts : RHP Chang-wei Quian
|
|
Batting: LHB Jason Kessler
|
0-0: Called Strike 0-1: Ball 1-1: Swinging Strike 1-2: Ball 2-2: Strikes out swinging
|
|
Batting: RHB Ryan Paquette
|
0-0: Called Strike 0-1: Ground out U3 (Groundball, 13, EV 81.9 MPH)
|
|
Batting: RHB Nick Rainey
|
0-0: Called Strike 0-1: Ball 1-1: Ball 2-1: Called Strike 2-2: SINGLE (Line Drive, 4MD, EV 96.2 MPH)
|
|
Batting: RHB Willie Toral
|
0-0: Ball 1-0: Swinging Strike 1-1: Swinging Strike 1-2: Strikes out swinging
|
| Top of the 6th over - 0 runs, 1 hit, 0 errors, 1 left on base; Canton 2 - Windy City 0 |
| BOTTOM OF THE 6TH |
|
Windy City ThunderBolts batting - Pitching for Canton Indians : LHP Keith Wilson
|
|
Batting: RHB Nhat Phong
|
0-0: DOUBLE (Line Drive, 89XD, EV 110.0 MPH)
|
|
Batting: RHB Sim Damit
|
0-0: Foul Ball, location: 2F 0-1: Ball 1-1: Foul Ball, location: 2F 1-2: Ball 2-2: Strikes out swinging
|
|
Batting: RHB Joe Thomas
|
0-0: Ball 1-0: Swinging Strike 1-1: Fly out, F9 (Flyball, 89M, EV 90.0 MPH)
|
|
Batting: RHB Eddie Dimas
|
0-0: Fly out, F8 (Line Drive, 8RM, EV 95.6 MPH)
|
| Bottom of the 6th over - 0 runs, 1 hit, 0 errors, 1 left on base; Canton 2 - Windy City 0 |
| TOP OF THE 7TH |
|
Canton Indians batting - Pitching for Windy City ThunderBolts : RHP Chang-wei Quian
|
|
Batting: RHB Jesus Sanchez
|
0-0: Ball 1-0: Called Strike 1-1: Fly out, F8 (Flyball, 8RM, EV 86.2 MPH)
|
|
Batting: SHB Jose Abreu
|
0-0: Ball 1-0: Ball 2-0: Ground out 4-3 (Groundball, 34D, EV 101.2 MPH)
|
|
Batting: RHB Oscar Hernandez
|
0-0: Ball 1-0: Called Strike 1-1: SOLO HOME RUN (Flyball, 9D, EV 105.6 MPH), Distance : 386 ft
|
|
Batting: RHB David Haas
|
0-0: Called Strike 0-1: Ball 1-1: Ball 2-1: Ball 3-1: Base on Balls
|
|
Batting: RHB Rob Marti
|
0-0: Ball 1-0: Fly out, F9 (Flyball, 9S, EV 83.1 MPH)
|
| Top of the 7th over - 1 run, 1 hit, 0 errors, 1 left on base; Canton 3 - Windy City 0 |
| BOTTOM OF THE 7TH |
|
Windy City ThunderBolts batting - Pitching for Canton Indians : LHP Keith Wilson
|
|
Batting: RHB Donovan Deason
|
0-0: Ball 1-0: SINGLE (Flyball, 78S, EV 95.0 MPH)
|
|
Batting: RHB Paul Holland
|
0-0: Called Strike 0-1: DOUBLE (Line Drive, 7LD, EV 105.0 MPH) Donovan Deason to third
|
|
Batting: RHB Ricky Avila
|
0-0: DOUBLE (Flyball, 78D, EV 100.6 MPH) Donovan Deason scores Paul Holland scores
|
|
Batting: RHB Camillo Bonauiti
|
0-0: Ball 1-0: Called Strike 1-1: Swinging Strike 1-2: Ball Wild Pitch! Ricky Avila to third 2-2: Ball 3-2: SINGLE (Groundball, 4D, EV 95.0 MPH) Ricky Avila scores
|
|
Batting: RHB Klaus Brown
|
0-0: Called Strike 0-1: Called Strike 0-2: Ball 1-2: Grounds into double play, 5-4-3 (Groundball, 56, EV 108.1 MPH)
|
|
Batting: RHB Nhat Phong
|
0-0: Called Strike 0-1: Swinging Strike 0-2: Strikes out swinging
|
| Bottom of the 7th over - 3 runs, 4 hits, 0 errors, 0 left on base; Canton 3 - Windy City 3 |
| TOP OF THE 8TH |
|
Canton Indians batting - Pitching for Windy City ThunderBolts : RHP Chang-wei Quian
|
|
Pitching: LHP Sincere Powell
|
|
|
Batting: LHB Dorian Oram
|
0-0: Ground out U3 (Groundball, 3, EV 82.5 MPH)
|
|
Pitching: RHP Ted Hurley
|
|
|
Batting: RHB Ryan Paquette
|
0-0: Fly out, F4 (Popup, 3S, EV 80.0 MPH)
|
|
Pinch Hitting: SHB Brad Larabel
|
0-0: Called Strike 0-1: Ball 1-1: Foul Ball, location: 2F 1-2: Ball 2-2: Strikes out swinging
|
| Top of the 8th over - 0 runs, 0 hits, 0 errors, 0 left on base; Canton 3 - Windy City 3 |
| BOTTOM OF THE 8TH |
|
Windy City ThunderBolts batting - Pitching for Canton Indians : LHP Keith Wilson
|
|
Pitching: RHP Ryan Perkins
|
|
|
Now in LF: Ryan Donohoe
|
|
|
Batting: RHB Sim Damit
|
0-0: Ball 1-0: Swinging Strike 1-1: Foul Ball, location: 2F 1-2: Foul Ball, location: 2F 1-2: Strikes out swinging
|
|
Batting: RHB Joe Thomas
|
0-0: Ball 1-0: Called Strike 1-1: Ball 2-1: Foul Ball, location: 2F 2-2: Foul Ball, location: 2F 2-2: Fly out, F7 (Flyball, 7S, EV 90.6 MPH)
|
|
Batting: RHB Eddie Dimas
|
0-0: Foul Ball, location: 2F 0-1: Ball 1-1: Fly out, F4 (Line Drive, 4D, EV 64.4 MPH)
|
| Bottom of the 8th over - 0 runs, 0 hits, 0 errors, 0 left on base; Canton 3 - Windy City 3 |
| TOP OF THE 9TH |
|
Canton Indians batting - Pitching for Windy City ThunderBolts : RHP Ted Hurley
|
|
Pinch Hitting: SHB Henri Chardon
|
0-0: Ball 1-0: Called Strike 1-1: Foul Ball, location: 2F 1-2: Ball 2-2: Strikes out swinging
|
|
Pinch Hitting: RHB Jose Lebron
|
0-0: Called Strike 0-1: Called Strike 0-2: Fly out, F9 (Flyball, 89M, EV 77.5 MPH)
|
|
Batting: SHB Jose Abreu
|
0-0: Swinging Strike 0-1: Ball 1-1: Ball 2-1: Foul Ball, location: 2F 2-2: Foul Ball, location: 2F 2-2: Foul Ball, location: 2F 2-2: Strikes out swinging
|
| Top of the 9th over - 0 runs, 0 hits, 0 errors, 0 left on base; Canton 3 - Windy City 3 |
| BOTTOM OF THE 9TH |
|
Windy City ThunderBolts batting - Pitching for Canton Indians : RHP Ryan Perkins
|
|
Now at 3B: Manuel de los Santos
|
|
|
Now at SS: Darren Allan
|
|
|
Batting: RHB Donovan Deason
|
0-0: Ball 1-0: Foul Ball, location: 2F 1-1: Swinging Strike 1-2: Ball 2-2: Strikes out swinging
|
|
Batting: RHB Paul Holland
|
0-0: Ball 1-0: Fly out, F8 (Flyball, 8LD, EV 78.1 MPH)
|
|
Batting: RHB Ricky Avila
|
0-0: DOUBLE (Line Drive, 3D, EV 109.4 MPH)
|
|
Batting: RHB Camillo Bonauiti
|
0-0: Called Strike 0-1: Fly out, F7 (Flyball, 7LS, EV 95.0 MPH)
|
| Bottom of the 9th over - 0 runs, 1 hit, 0 errors, 1 left on base; Canton 3 - Windy City 3 |
| TOP OF THE 10TH |
|
Canton Indians batting - Pitching for Windy City ThunderBolts : RHP Ted Hurley
|
|
Pitching: RHP Ray Nauman
|
|
|
Pinch Hitting: RHB Joe Bauer
|
0-0: SINGLE (Groundball, 4MD, EV 104.4 MPH)
|
|
Pinch Hitting: LHB Mike Humfleet
|
0-0: Foul Ball, location: 2F 0-1: Ball 1-1: Ball 2-1: Ball 3-1: SINGLE (Line Drive, 6M, EV 93.8 MPH) Joe Bauer to second
|
|
Batting: RHB Rob Marti
|
0-0: 3-RUN HOME RUN (Flyball, 7D, EV 99.4 MPH), Distance : 385 ft
|
|
Batting: LHB Dorian Oram
|
0-0: Ball 1-0: SINGLE (Line Drive, 5D, EV 95.0 MPH)
|
|
Batting: RHB Ryan Paquette
|
0-0: Called Strike 0-1: Ball 1-1: Ball Dorian Oram steals 2nd, throwing error, E2 Dorian Oram to third 2-1: Called Strike 2-2: Ground out 5-3 (Groundball, 56, EV 102.5 MPH)
|
|
Batting: SHB Ryan Donohoe
|
0-0: Foul Ball, location: 2F 0-1: Called Strike 0-2: Ball 1-2: Reached on error, E4 (Groundball, 34, EV 81.2 MPH) Dorian Oram scores
|
|
Pitching: RHP Tony Montez
|
|
|
Batting: RHB Manuel de los Santos
|
0-0: Ball 1-0: Ball 2-0: Ball 3-0: Called Strike 3-1: Called Strike 3-2: Grounds into double play, 5-4-3 (Groundball, 56S, EV 82.5 MPH)
|
| Top of the 10th over - 4 runs, 4 hits, 2 errors, 0 left on base; Canton 7 - Windy City 3 |
| BOTTOM OF THE 10TH |
|
Windy City ThunderBolts batting - Pitching for Canton Indians : RHP Ryan Perkins
|
|
Now at 1B: Joe Bauer
|
|
|
Now in LF: Jonathan Johnstad
|
|
|
Now in RF: Ryan Donohoe
|
|
|
Batting: RHB Klaus Brown
|
0-0: Called Strike 0-1: Foul Ball, location: 2F 0-2: Ball 1-2: Fly out, F4 (Popup, 4D, EV 50.0 MPH)
|
|
Batting: RHB Nhat Phong
|
0-0: Ball 1-0: Ground out 5-3 (Groundball, 25, EV 89.4 MPH)
|
|
Batting: RHB Sim Damit
|
0-0: Ball 1-0: Swinging Strike 1-1: Swinging Strike 1-2: Strikes out swinging
|
| Bottom of the 10th over - 0 runs, 0 hits, 0 errors, 0 left on base; Canton 7 - Windy City 3 |
|